 Dungeon Crawl Stone Soup version 0.31-a0-162-gc4c5a43528 (webtiles) character file.

Game seed: 2704770614674450700

1302 qw the Cleaver (level 8, -5/49 HPs)
             Began as a Gargoyle Fighter on June 12, 2023.
             Slain by a wight
             ... wielding a +2 morningstar
              (9 damage)
             ... on level 5 of the Dungeon.
             The game lasted 00:01:51 (4512 turns).

qw the Cleaver (Gargoyle Fighter)                   Turns: 4512, Time: 00:01:51

Health: -5/49      AC: 20    Str: 22    XL:     8   Next: 57%
Magic:  8/8        EV:  6    Int:  9    God:
Gold:   284        SH:  9    Dex:  9    Spells: 7/7 levels left

rFire   + . .        Y - +0 broad axe
rCold   . . .        c - +0 buckler
rNeg    + . .        o - +0 plate armour
rPois   inf          e - +0 helmet
rElec   +            (no cloak)
rCorr   .            (no gloves)
SInv    .            n - +0 pair of boots
Will    .....        m - amulet of reflection Stlth
                     f - ring of protection from fire
HPRegen 0.28/turn    (no ring)
MPRegen 0.11/turn

%: reflection
@: no status effects
A: sickness immunity, AC +5, negative energy resistance 1, electricity
resistance, torment resistance 1, petrification resistance
a: no special abilities


You were on level 5 of the Dungeon.
You visited 2 branches of the dungeon, and saw 7 of its levels.

You collected 347 gold pieces.
You spent 63 gold pieces at shops.


Innate Abilities, Weirdness & Mutations

You are immune to sickness and miasma.
Your stone body is resilient. (AC +5)
You are immune to poison.
You resist negative energy. (rN+)
You are resistant to electric shocks. (rElec)
You are resistant to unholy torment.
You are immune to petrification.


   Skills:
 - Level 5.3 Fighting
 - Level 8.1 Axes
 + Level 4.9 Armour
 - Level 1.1 Dodging
 - Level 3.2 Shields


You had 7 spell levels left.
You didn't know any spells.
Your spell library was empty.

Inventory:

Hand Weapons
 a - a +0 morningstar
 Y - a +0 broad axe (weapon)
Armour
 c - a +0 buckler (worn)
 e - a +0 helmet (worn)
 n - a +0 pair of boots (worn)
 o - a +0 plate armour (worn)
Jewellery
 f - a ring of protection from fire (left hand)
 m - an amulet of reflection (around neck)
Scrolls
 b - a scroll of identify
Potions
 d - a potion of might
 g - a potion of lignification
 h - a potion of curing
 i - a potion of ambrosia {unknown}
 k - 3 potions of attraction
 l - a potion of magic {unknown}
 q - a potion of mutation {unknown}
 s - a potion of resistance {unknown}

Dungeon Overview and Level Annotations

Branches:
Dungeon (6/15)             Temple (1/1) D:5

Altars:
Ashenzari
Cheibriados
Elyvilon
Fedhas
Gozag
Hepliaklqana
Makhleb
Nemelex Xobeh
Qazlal
Ru
Sif Muna
Uskayaw
Vehumet
Wu Jian
Xom
Yredelemnul
Zin
The Shining One

Shops:
D:3 (

Annotations:
D:4 2 transporters, qw's ghost, amateur GrHu


Message History

The phantom barely misses you.
You slash the phantom!
You destroy the phantom!
You hit the wight. x2
You block the wight's attack.
The wight hits you with a +2 morningstar!
The wight barely misses you. You block the wight's attack.
You slash the wight!
You destroy the wight!
You barely miss the wight. The wight hits you but does no damage.
You closely miss the wight.
The wight is almost destroyed.
The wight hits you but does no damage.
You barely miss the wight.
The wight is almost destroyed.
The wight hits you but does no damage.
You barely miss the wight.
The wight is almost destroyed.
You block the wight's attack.
You closely miss the wight.
The wight is almost destroyed.
The wight hits you with a +2 morningstar.
The wight barely misses you.
You hit the wight but do no damage.
The wight is almost destroyed.
The wight hits you with a +2 morningstar.
You barely miss the wight.
The wight is almost destroyed.
The wight closely misses you.
You closely miss the wight.
The wight is almost destroyed.
The wight barely misses you.
You barely miss the wight.
The wight is almost destroyed.
The wight hits you with a +2 morningstar. x2
You hit the wight but do no damage.
The wight is almost destroyed.
The wight hits you with a +2 morningstar!
You die...

#### ##..............##....
#..###>...............###..
#.....#....................
###############..........#....
###7P7P7P8P7P7P7##...............
.......................##.......#
.##7P7P7P8P7P7P7##...#..........#
.#################.......)#......
...##..##...##.#@)........#......
##.....###....)))z.#.............
####.....[.####...##...#...#....
##....#...##........##..#....
#.....##..##..####......#....
##..#..###.....####.......#...
#..##......#...##.......:.#.#.
###...#......#......##......#.##
#.........##.........##.......#.


You could see a wight.

Vanquished Creatures
  Pikel (D:5)
  An orc warrior (D:5)
  A lemure (D:5)
  A phantom (D:5)
  Blork the orc (D:5)
  A scorpion (D:5)
  3 wights
  A jelly (D:5)
  An orc priest (D:5)
  2 hounds
  An iguana (D:5)
  2 sleepcaps
  An orc wizard (D:4)
  4 gnolls
  3 adders
  A shadow imp (D:5)
  A white imp (D:5)
  A worm (D:2)
  11 orcs
  7 ball pythons
  2 bats (D:1)
  4 endoplasms
  4 giant cockroaches
  2 goblins (D:1)
  5 hobgoblins
  11 jackals
  5 kobolds
  2 quokkas
  4 frilled lizards
  2 rats
86 creatures vanquished.

Notes
Turn   | Place    | Note
-------+----------+-------------------------------------------
     0 | D:1      | qw the Gargoyle Fighter began the quest for the Orb.
     0 | D:1      | Reached XP level 1. HP: 14/14 MP: 1/1
     0 | D:1      | 0 ||| qw: Version: 0.2-a-29-gc1b59c4
     0 | D:1      | 0 ||| qw: Game counter: 4429
     0 | D:1      | 0 ||| qw: Always use a shield: true
     0 | D:1      | 0 ||| qw: God list: Okawaru
     0 | D:1      | 0 ||| qw: Allow faded altars: false
     0 | D:1      | 0 ||| qw: Do Orc after D:15 true
     0 | D:1      | 0 ||| qw: Do second Lair branch before Depths: true
     0 | D:1      | 0 ||| qw: Lair rune preference: random
     0 | D:1      | 0 ||| qw: Plans: Normal, Zot:1-4, Slime:5, God:TSO, Crypt,
                  | Tomb, Abyss, Pan, Hells, Win
     0 | D:1      | 0 ||| PLANNING D:1-11
     2 | D:1      | Noticed a meteoran
     2 | D:1      | Noticed an armataur
     4 | D:1      | Noticed a troll
     4 | D:1      | Noticed a ghoul
     6 | D:1      | Noticed a spriggan
     6 | D:1      | Noticed a vine stalker
     8 | D:1      | Noticed a vampire
    10 | D:1      | Noticed an octopode
    10 | D:1      | Noticed an ogre
    12 | D:1      | Noticed a demonspawn
    12 | D:1      | Noticed a demigod
    14 | D:1      | Noticed a tengu
    16 | D:1      | Noticed a human
    16 | D:1      | Noticed a formicid
    18 | D:1      | Noticed an elf
    18 | D:1      | Noticed a gargoyle
    20 | D:1      | Noticed a merfolk
    22 | D:1      | Noticed a minotaur
    22 | D:1      | Noticed a draconian
    24 | D:1      | Noticed a felid
    24 | D:1      | Noticed a felid
    26 | D:1      | Noticed a tengu
    26 | D:1      | Noticed an octopode
    30 | D:1      | You fall into a shaft and drop 1 floor!
    47 | D:1      | Reached skill level 2 in Axes
    47 | D:1      | Reached XP level 2. HP: 16/19 MP: 2/2
   395 | D:1      | 395 ||| Stepping ~*~*~tactically~*~*~ (hiding).
   405 | D:1      | Reached skill level 3 in Axes
   501 | D:1      | Reached XP level 3. HP: 23/23 MP: 3/3
   902 | D:1      | 902 ||| UPGRADING to +0 chain mail.
   912 | D:1      | 912 ||| DROPPING +0 scale mail.
   913 | D:1      | 913 ||| UPGRADING to ring of protection from fire.
   914 | D:1      | 914 ||| READING 3 scrolls labelled NETU RUUSUAFRU.
   915 | D:1      | 915 ||| DROPPING 2 scrolls of fear.
  1789 | D:2      | 1789 ||| UPGRADING to amulet of reflection.
  1794 | D:2      | 1794 ||| READING scroll labelled POLUOR ZEFFA.
  1795 | D:2      | 1795 ||| READING scroll labelled XOZOKA TINN.
  1796 | D:2      | 1796 ||| DRINKING 2 inky potions.
  2202 | D:3      | Found a shimmering blue altar of Sif Muna.
  2204 | D:3      | Found Jiyrhid's Antique Weapon Boutique.
  2217 | D:3      | 2217 ||| BUYING mace (63 gold).
  2217 | D:3      | Bought a mace for 63 gold pieces
  2217 | D:3      | 2217 ||| DROPPING +0 club.
  2289 | D:3      | 2289 ||| Stepping ~*~*~tactically~*~*~ (stealth).
  2290 | D:3      | 2290 ||| Stepping ~*~*~tactically~*~*~ (stealth).
  2312 | D:3      | Reached XP level 4. HP: 26/28 MP: 4/4
  2386 | D:3      | 2386 ||| UPGRADING to +0 helmet.
  2391 | D:3      | 2391 ||| UPGRADING to +0 pair of boots.
  2396 | D:3      | 2396 ||| UPGRADING to +0 plate armour.
  2406 | D:3      | 2406 ||| DROPPING +0 chain mail.
  2407 | D:3      | 2407 ||| DRINKING 2 gluggy blue potions.
  2499 | D:4      | Found a transporter.
  2540 | D:4      | Reached skill level 4 in Axes
  2618 | D:4      | 2618 ||| DROPPING +0 mace.
  2655 | D:4      | Reached XP level 5. HP: 20/32 MP: 5/5
  2665 | D:4      | Reached skill level 5 in Axes
  2817 | D:4      | Found a transporter.
  2848 | D:4      | Noticed a small abomination
  3009 | D:4      | Noticed qw's ghost (amateur GrHu)
  3014 | D:4      | 3014 ||| DROPPING orb of guile.
  3015 | D:4      | 3015 ||| READING scroll labelled UBLIEVE MORYUL.
  3016 | D:4      | 3016 ||| READING 2 scrolls of identify.
  3016 | D:4      | 3016 ||| IDENTIFYING bubbling black potion
  3017 | D:4      | 3017 ||| DROPPING potion of brilliance.
  3035 | D:5      | Entered Level 5 of the Dungeon
  3038 | D:5      | 3038 ||| FLEEEEING.
  3039 | D:5      | 3039 ||| FLEEEEING.
  3040 | D:5      | 3040 ||| STAIRDANCE
  3159 | D:5      | Reached XP level 6. HP: 27/38 MP: 6/6
  3178 | D:5      | 3178 ||| FLEEEEING.
  3180 | D:5      | 3180 ||| FLEEEEING.
  3181 | D:5      | 3181 ||| FLEEEEING.
  3187 | D:5      | Noticed Blork the orc
  3199 | D:5      | Killed Blork the orc
  3273 | D:5      | 3273 ||| SWAPPING to +0 broad axe.
  3274 | D:5      | 3274 ||| DROPPING +1 war axe.
  3299 | D:5      | Found a staircase to the Ecumenical Temple.
  3300 | D:5      | 3300 ||| PLANNING TEMPLE
  3300 | D:5      | 3300 ||| READING 2 scrolls of identify.
  3300 | D:5      | 3300 ||| IDENTIFYING green potion
  3306 | Temple   | Entered the Ecumenical Temple
  3529 | Temple   | 3529 ||| PLANNING D:1-11
  3615 | D:5      | Reached skill level 6 in Axes
  3930 | D:5      | Reached XP level 7. HP: 39/43 MP: 7/7
  3953 | D:5      | Noticed Pikel
  3971 | D:5      | HP: 8/43 [Pikel/+0 whip of freezing (5)]
  3971 | D:5      | HP: 3/43 [Pikel/+0 whip of freezing (3)]
  3971 | D:5      | HP: 1/43 [Pikel/+0 whip of freezing (2)]
  3973 | D:5      | Killed Pikel
  3974 | D:5      | Reached skill level 7 in Axes
  3974 | D:5      | Reached XP level 8. HP: 2/48 MP: 8/8
  4315 | D:5      | 4315 ||| READING scroll labelled YSTRUA VOCWUBI.
  4316 | D:5      | 4316 ||| READING scroll labelled ZORIBLA ISEAPP.
  4352 | D:5      | 4352 ||| READING scroll labelled RIVUOH LIGEMUA.
  4392 | D:6      | 4392 ||| STAIRDANCE
  4482 | D:5      | 4482 ||| DROPPING +0 flail.
  4490 | D:6      | Reached skill level 1 in Dodging
  4494 | D:6      | 4494 ||| STAIRDANCE
  4499 | D:5      | Reached skill level 8 in Axes
  4507 | D:5      | HP: 12/49 [wight/+2 morningstar (5)]
  4511 | D:5      | HP: 4/49 [wight/+2 morningstar (4)]
  4512 | D:5      | Slain by a wight

Levels and vault maps discovered:
D:1:      kb_arrival_jail, layout_basic, serial_bayou_pond_d,
          minmay_tetromino_t4
D:2:      layout_loops_corners, eino_tiny_chamber
D:3:      layout_basic, nicolae_sif_muna_condensation, serial_shops, shop
D:4:      layout_basic, gammafunk_ghost_abyssal_escape
D:5:      layout_cave_pools, minmay_temple_entry_enclosed_plants,
          dreamdust_princess_corridor, patterned_corridor, uniq_pikel,
          uniq_blork_the_orc
D:6:      layout_basic, kennysheep_vampire_church, serial_shops, shop
Temple:   minmay_temple_bridge_d

Skill      XL: |  1  2  3  4  5  6  7  8 |
---------------+-------------------------+-----
Axes           | 2 3 4 5 6 7 8 |  8.1
Fighting       | 4 5 |  5.3
Armour         | 4 |  4.9
Dodging        | 1 |  1.1
Shields        | |  3.2

Action                     |  1- 3 |  4- 6 |  7- 9 || total
---------------------------+-------+-------+-------++-------
  Melee: War axe           |    94 |    96 |       ||   190
         Broad axe         |       |    17 |    66 ||    83
    Use: Scroll            |     3 |     3 |     3 ||     9
         Potion            |     1 |     1 |       ||     2
 Armour: Scale mail        |    12 |       |       ||    12
         Chain mail        |    25 |       |       ||    25
         Plate armour      |       |    75 |    79 ||   154
  Dodge: Dodged            |    38 |    20 |    40 ||    98
  Block: Buckler           |    28 |    52 |    36 ||   116
         Reflection        |       |     1 |       ||     1

Table legend:
 A = Non-vault XP
 B = Vault XP
 C = Vault XP percentage of total XP
 D = Non-vault monster count
 E = Vault monster count
 F = Vault count percentage of total count
                 A         B        C        D         E       F
            +---------+---------+-------+---------+---------+-------
      Total |    1103 |     757 |  40.7 |      80 |       5 |   5.9
            +---------+---------+-------+---------+---------+-------
        D:1 |      31 |       6 |  16.2 |      11 |       3 |  21.4
        D:2 |      12 |       0 |   0.0 |       6 |       0 |   0.0
        D:3 |      35 |       0 |   0.0 |      14 |       0 |   0.0
        D:4 |     177 |       0 |   0.0 |      26 |       0 |   0.0
        D:5 |     774 |     751 |  49.2 |      22 |       2 |   8.3
        D:6 |      74 |       0 |   0.0 |       1 |       0 |   0.0
            +---------+---------+-------+---------+---------+-------
